 Dungeon Crawl Stone Soup version 0.29.0-4-gdea44cf6ec (webtiles) character file.

Game seed: 12950151321166979183

12 qw the Sneak (level 2, 0/19 HPs)
             Began as a Gargoyle Delver on Sept 10, 2022.
             Slain by a necrophage (2 damage)
             ... on level 4 of the Dungeon.
             The game lasted 00:00:09 (503 turns).

qw the Sneak (Gargoyle Delver)                       Turns: 503, Time: 00:00:10

Health: 0/19       AC:  8    Str: 15    XL:     2   Next: 33%
Magic:  2/2        EV:  9    Int: 10    God:
Gold:   21         SH:  0    Dex: 11    Spells: 1/1 levels left

rFire   . . .      SeeInvis .   Y - +0 hand axe
rCold   . . .      Faith    .   (no shield)
rNeg    + . .      Spirit   .   i - +0 scale mail
rPois   inf        Reflect  .   (no helmet)
rElec   +          Harm     .   (no cloak)
rCorr   .          Rampage  .   (no gloves)
Will    .....                   (no boots)
Stlth   +.........              (no amulet)
HPRegen 0.06/turn               (no ring)
MPRegen 0.08/turn               (no ring)

@: no status effects
A: sickness immunity, AC +2, negative energy resistance 1, electricity
resistance, torment resistance 1, petrification resistance
a: no special abilities


You were on level 4 of the Dungeon.
You visited 1 branch of the dungeon, and saw 2 of its levels.

You collected 21 gold pieces.


Innate Abilities, Weirdness & Mutations

You are immune to sickness and miasma.
Your stone body is resilient. (AC +2)
You are immune to poison.
You resist negative energy. (rN+)
You are resistant to electric shocks. (rElec)
You are resistant to unholy torment.
You are immune to petrification.


   Skills:
 - Level 3.2 Fighting
 + Level 2.6 Axes
 - Level 1.5 Dodging
 - Level 5.4 Stealth


You had one spell level left.
You didn't know any spells.
Your spell library was empty.

Inventory:

Hand Weapons
 h - a +0 flail
 Y - a +0 hand axe (weapon)
Armour
 i - a +0 scale mail (worn)
Wands
 g - a wand of digging (3)
Potions
 a - a potion of degeneration {unknown}
 b - a potion of might {unknown}
 f - a potion of haste
 k - a potion of heal wounds {unknown}

Dungeon Overview and Level Annotations

Branches:
Dungeon (5/15)
 Temple: D:4-7

Altars:


Message History

You punch the necrophage, but do no damage.
The necrophage is lightly damaged.
The necrophage closely misses you.
You hit the necrophage but do no damage.
The necrophage is lightly damaged.
The necrophage hits you but does no damage.
You barely miss the necrophage.
The necrophage is lightly damaged.
The necrophage barely misses you.
You barely miss the necrophage.
The necrophage is lightly damaged.
The necrophage hits you but does no damage.
You barely miss the necrophage.
The necrophage is lightly damaged.
The necrophage closely misses you.
You hit the necrophage but do no damage.
The necrophage is lightly damaged.
The necrophage hits you. x2
You barely miss the necrophage.
The necrophage is lightly damaged.
The necrophage hits you.
You closely miss the necrophage.
The necrophage is lightly damaged.
The necrophage hits you.
You hit the necrophage.
The necrophage is lightly damaged.
The necrophage hits you.
You hit the necrophage.
The necrophage is moderately damaged.
The necrophage hits you but does no damage.
You closely miss the necrophage.
The necrophage is moderately damaged.
The necrophage hits you.
You slash the necrophage!
The necrophage is heavily damaged.
The necrophage hits you.
You closely miss the necrophage.
The necrophage is heavily damaged.
The necrophage hits you.
You die...

### ..# #.# #.#
¤¤.. ####.#### ¤¤~
#.....n.# ..
#.##.##@# ¤#
#.##.##.# .#
######.##....#
.####......###...#
....#......###.#.#
.##..............#
.####.....####.###
## #.....# #.#
########### #.#


You could see a necrophage.

Vanquished Creatures
  An adder (D:5)
  An orc (D:5)
  A kobold (D:4)
3 creatures vanquished.

Notes
Turn   | Place    | Note
-------+----------+-------------------------------------------
     0 | D:5      | qw the Gargoyle Delver began the quest for the Orb.
     0 | D:5      | Reached XP level 1. HP: 14/14 MP: 1/1
     0 | D:5      | 0 ||| qw: Version: 0.1-a-117-gfe26ee0
     0 | D:5      | 0 ||| qw: Game counter: 9809
     0 | D:5      | 0 ||| qw: Always use a shield: true
     0 | D:5      | 0 ||| qw: God list: Okawaru
     0 | D:5      | 0 ||| qw: Allow faded altars: false
     0 | D:5      | 0 ||| qw: Do Orc after D:15 true
     0 | D:5      | 0 ||| qw: Do second Lair branch before Depths: true
     0 | D:5      | 0 ||| qw: Lair rune preference: random
     0 | D:5      | 0 ||| qw: Plans: Normal
     0 | D:5      | 0 ||| PLANNING D:1-11
    76 | D:5      | 76 ||| Stepping ~*~*~tactically~*~*~ (stealth).
    86 | D:5      | HP: 2/14 [adder (3)]
    88 | D:5      | Reached XP level 2. HP: 3/19 MP: 2/2
   383 | D:5      | 383 ||| UPGRADING to +0 scale mail.
   393 | D:5      | 393 ||| DROPPING +0 leather armour.
   394 | D:5      | 394 ||| READING scroll labelled XYRCHO ZUKUHUGE.
   395 | D:5      | 395 ||| DROPPING scroll of fog.
   396 | D:5      | 396 ||| DROPPING scroll of magic mapping.
   397 | D:5      | 397 ||| DROPPING scroll of fear.
   401 | D:5      | 401 ||| FLEEEEING.
   402 | D:5      | 402 ||| FLEEEEING.
   403 | D:5      | 403 ||| STAIRDANCE
   479 | D:4      | Noticed a necrophage
   481 | D:4      | 481 ||| Stepping ~*~*~tactically~*~*~ (stealth).
   482 | D:4      | 482 ||| Stepping ~*~*~tactically~*~*~ (stealth).
   483 | D:4      | 483 ||| Stepping ~*~*~tactically~*~*~ (stealth).
   484 | D:4      | 484 ||| Stepping ~*~*~tactically~*~*~ (stealth).
   501 | D:4      | HP: 3/19 [necrophage (3)]
   503 | D:4      | Slain by a necrophage

Levels and vault maps discovered:
D:4:      layout_loops_cross, mainiacjoe_overflow_catwalk,
          minmay_temple_entry_nine_rooms, hangedman_decor_lopped,
          nicolae_underground_beach
D:5:      layout_rooms, kennysheep_mini, st_stairs_12, nicolae_shop_firing_range

Skill      XL: |  1 |
---------------+----+-----
Axes           | 2 |  2.6
Fighting       | |  3.2
Dodging        | |  1.5
Stealth        | |  5.4

Action                   || total
-------------------------++-------
Melee: Hand axe          ||    33
       Punch             ||     1
  Use: Scroll            ||     1
Armor: Leather armour    ||     4
       Scale mail        ||     4
Dodge: Dodged            ||    13

Table legend:
 A = Non-vault XP
 B = Vault XP
 C = Vault XP percentage of total XP
 D = Non-vault monster count
 E = Vault monster count
 F = Vault count percentage of total count
                 A         B        C        D         E       F
            +---------+---------+-------+---------+---------+-------
      Total |      18 |       0 |   0.0 |       3 |       0 |   0.0
            +---------+---------+-------+---------+---------+-------
        D:4 |       2 |       0 |   0.0 |       1 |       0 |   0.0
        D:5 |      16 |       0 |   0.0 |       2 |       0 |   0.0
            +---------+---------+-------+---------+---------+-------
